 Dungeon Crawl Stone Soup version 0.23.2-1-ga50397a (webtiles) character file.

Game seed: 10923560599869678590

37 doot the Magician (level 3, 0/19 HPs)
             Began as a Deep Elf Wizard on May 5, 2019.
             Slain by a gnoll
             ... wielding a +1 spear of venom
              (6 damage)
             ... on level 2 of the Dungeon.
             The game lasted 00:05:10 (1577 turns).

doot the Magician (Deep Elf Wizard)                 Turns: 1577, Time: 00:05:11

Health: 0/19       AC:  2    Str:  4    XL:     3   Next: 23%
Magic:  4/12       EV: 13    Int: 23    God:
Gold:   30         SH:  0    Dex: 13    Spells: 0/13 levels left

rFire    . . .     SeeInvis .   (no weapon)
rCold    . . .     Gourm    .   (no shield)
rNeg     . . .     Faith    .   a - +0 robe
rPois    .         Spirit   .   b - +0 hat
rElec    .         Reflect  .   (no cloak)
rCorr    .         Harm     .   (no gloves)
MR       .....                  (no boots)
Stlth    +.........             (no amulet)
HPRegen  0.06/turn              (no ring)
MPRegen  0.13/turn              (no ring)

@: confused, lethally poisoned (0 -> -15)
A: no striking features
a: no special abilities


You were on level 2 of the Dungeon.
You were not hungry.

You visited 1 branch of the dungeon, and saw 2 of its levels.

You collected 30 gold pieces.

Inventory:

Armour
 a - a +0 robe (worn)
 b - a +0 hat (worn)
Scrolls
 c - a scroll of fog {unknown}
 e - a scroll of remove curse {unknown}
 f - 2 scrolls of identify {unknown}
Comestibles
 d - a ration


   Skills:
 + Level 2.5 Dodging
 + Level 2.4 Stealth
 + Level 5.7 Spellcasting
 + Level 1.7 Conjurations
 + Level 1.1 Summonings
 + Level 1.1 Translocations


You couldn't memorise any spells.
You knew the following spells:

 Your Spells              Type           Power        Failure   Level  Hunger
a - Magic Dart            Conj           ##..         4%          1    None
b - Blink                 Tloc           N/A          9%          2    None
c - Call Imp              Summ           ##......     9%          2    None
d - Slow                  Hex            #.......     13%         2    None
e - Conjure Flame         Conj/Fire      ##......     19%         3    #......
f - Mephitic Cloud        Conj/Pois/Air  #.......     21%         3    #......

Your spell library contained the following spells:

 Spells                   Type           Power        Failure   Level  Hunger


Dungeon Overview and Level Annotations

Branches:
Dungeon (2/15)

Altars:


Message History

Aiming: Magic Dart (safe; 4% risk of failure)
Press: ? - help, Shift-Dir - straight line, f/p - gnoll
Aim: a gnoll, wielding a +1 spear of venom (heavily wounded)
The magic dart hits the gnoll but does no damage.
The gnoll is heavily wounded.
You feel sick.
The gnoll hits you from afar with a +1 spear of venom!
* * * LOW HITPOINT WARNING * * *
You are more poisoned.
Unknown command.
A hobgoblin comes into view. It is wielding a +0 club.
* * * LOW HITPOINT WARNING * * *
You feel sick.
The hobgoblin shouts!
Okay, then.
It was a potion of ambrosia.
You are confused.
You feel invigorated.
You feel sick.
The gnoll hits you from afar with a +1 spear of venom.
You die...

. #..# #.# .g... #.?#
#?##.#.# #..# #÷.#...#
#..# #....#.# #..#
#......# #..###...##.##
#########......#÷##...
.##......g.5..........#.
.g.....@g..5............
............###.......#.
............####......#
..##....###...........#
. ...##.....5##.......##
#####........#.........
#.......<...........
#......)...#..♣♣♣♣♣♣
#..........#...♣


You could see a gnoll, 2 hobgoblins, 2 friendly crimson imps and a friendly
shadow imp.

Vanquished Creatures
  A worm (D:2)
  3 giant cockroaches
  5 goblins
  4 hobgoblins (D:1)
  3 kobolds
  2 ball pythons
  4 bats
  6 frilled lizards (D:1)
  9 rats
37 creatures vanquished.

Notes
Turn   | Place    | Note
-------+----------+-------------------------------------------
     0 | D:1      | doot the Deep Elf Wizard began the quest for the Orb.
     0 | D:1      | Reached XP level 1. HP: 10/10 MP: 7/7
   244 | D:1      | Reached skill level 5 in Spellcasting
   244 | D:1      | Reached XP level 2. HP: 15/15 MP: 6/10
   477 | D:1      | Learned a level 2 spell: Blink
   480 | D:1      | Learned a level 2 spell: Call Imp
   483 | D:1      | Learned a level 2 spell: Slow
  1021 | D:2      | Reached XP level 3. HP: 19/19 MP: 4/12
  1436 | D:1      | Learned a level 3 spell: Conjure Flame
  1440 | D:1      | Learned a level 3 spell: Mephitic Cloud
  1577 | D:2      | Slain by a gnoll

Skill      XL: |  1 |
---------------+----+-----
Spellcasting   | 5 |  5.7
Dodging        | |  2.5
Stealth        | |  2.4
Conjurations   | |  1.7
Summonings     | |  1.1
Translocations | |  1.1

Action                   || total
-------------------------++-------
 Cast: Magic Dart        ||    86
       Call Imp          ||     5
       Blink             ||     1
  Use: Potion            ||     1
  Eat: Chunk             ||     2
Armor: Robe              ||     1
Dodge: Dodged            ||     7
